 Dungeon Crawl Stone Soup version 0.24.1-8-ga250c9d538 (webtiles) character file.

Game seed: 8899423798568682508, levelgen mode: deterministic

191 Hugehornet the Changer (level 5, -1/33 HPs)
             Began as an Octopode Transmuter on May 1, 2020.
             Slain by a gnoll
             ... wielding a +0 spear
              (6 damage)
             ... on level 2 of the Dungeon.
             The game lasted 00:04:44 (2981 turns).

Hugehornet the Changer (Octopode Transmuter)        Turns: 2981, Time: 00:04:45

Health: -1/33      AC:  3    Str:  9    XL:     5   Next: 70%
Magic:  3/8        EV: 20    Int: 16    God:
Gold:   64         SH:  0    Dex: 18    Spells: 2/8 levels left

rFire    . . .     SeeInvis .     - Unarmed
rCold    . . .     Gourm    +   (shield currently unavailable)
rNeg     . . .     Faith    .   (helmet currently unavailable)
rPois    x         Spirit   .   i - amulet of the gourmand
rElec    .         Reflect  .   l - +1 ring of protection
rCorr    .         Harm     .   (no ring)
MR       .....                  (no ring)
Stlth    ++........             (no ring)
HPRegen  0.11/turn              (no ring)
MPRegen  0.11/turn              (no ring)
                                (no ring)
                                (no ring)

@: spider-form (expiring), very slightly contaminated
A: tiny, almost no armour, stealthy swim, (amphibious), 8 rings, (constrict 8)
a: End Transformation


You were on level 2 of the Dungeon.
You were not hungry.
You were a venomous arachnid creature.
You visited 1 branch of the dungeon, and saw 2 of its levels.

You collected 64 gold pieces.

Inventory:

Missiles
 a - 28 arrows
Jewellery
 i - an amulet of the gourmand (around neck)
 l - a +1 ring of protection (left front leg)
 n - an uncursed ring of protection from cold {unknown}
Wands
 h - a wand of random effects (31)
Scrolls
 d - 2 scrolls of fear {unknown}
 e - 3 scrolls of teleportation {unknown}
 f - 2 scrolls of magic mapping {unknown}
 g - 3 scrolls of enchant armour {unknown}
 j - a scroll of identify {unknown}
 k - a scroll of fog {unknown}
 m - a scroll of random uselessness {unknown}
Potions
 b - 4 potions of haste
Comestibles
 c - 9 rations


   Skills:
 - Level 1.0 Fighting
 - Level 2.0 Dodging
 - Level 3.0 Unarmed Combat
 - Level 2.0 Spellcasting
 + Level 5.7 Transmutations


You had 2 spell levels left.
You knew the following spells:

 Your Spells              Type           Power        Failure   Level  Hunger
a - Beastly Appendage     Tmut           ###...       8%          1    #......
b - Sticks to Snakes      Tmut           ###.....     11%         2    ###....
c - Spider Form           Tmut/Pois      ##........   38%         3    ###....

Your spell library contained the following spells:

 Spells                   Type           Power        Failure   Level  Hunger
 Blade Hands              Tmut           ###.......   69%         5    ######.
 Ice Form                 Ice/Tmut       ##......     75%         4    #####..


Dungeon Overview and Level Annotations

Branches:
Dungeon (2/15)

Altars:
Sif Muna

Annotations:
D:2 1 runed translucent door, Crazy Yiuf


Innate Abilities, Weirdness & Mutations

You cannot wear most types of armour.
You are very stealthy in the water. (Stealth+)
((You are amphibious.))
You can wear up to eight rings at the same time.
((You can use your tentacles to constrict eight enemies at once.))
((Your skin changes colour to match your surroundings (Stealth+).))
((Your rubbery body absorbs attacks. (AC +1, EV +1)))


Message History

You bite the gnoll!
The gnoll looks as sick as possible!
The gnoll is almost dead.
The gnoll hits you with a +0 spear.
The gnoll hits you from afar with a +0 halberd.
You hit the gnoll.
You kill the gnoll!
Your transformation is almost over.
The gnoll hits you with a +0 halberd!
* * * LOW HITPOINT WARNING * * *
The gnoll closely misses you.
Things that are here:
a +0 spear; a scroll labeled YKORANTU DEKLI; a gnoll corpse You bite the gnoll!
The gnoll is poisoned.
The gnoll is heavily wounded.
The gnoll closely misses you. The gnoll barely misses you.
You hit the gnoll.
The gnoll looks as sick as possible!
The gnoll is almost dead.
You kill the gnoll!
The gnoll hits you from afar with a +0 spear.
You die...

######## #(....####.............#
#......###................#######
.........((......................
#......###.........###...........
#.###### ######....# #...........
#.# #.g..# #........... ).#
##g### ####........ ### #)#
#........ #s# #........ #.#
######### ♣♣♣.♣ ♣♣...♣ ♣ ♣♣..♣♣♣
♣♣♣♣♣♣♣♣♣ ♣♣♣♣ ♣..♣♣ ♣♣......♣♣
...♣♣♣♣ ♣♣.♣ ♣...♣♣♣... ♣♣♣.).♣♣
♣♣.♣♣ ♣♣♣...♣ ♣♣♣♣ ♣♣♣♣.♣♣♣♣÷♣♣
♣....♣♣


You could see 2 gnolls.

Vanquished Creatures
  Jessica (D:2)
  4 gnolls
  5 adders
  A worm (D:2)
  A dart slug (D:1)
  A leopard gecko (D:2)
  A giant cockroach (D:1)
  3 goblins (D:1)
  3 hobgoblins
  2 jackals (D:2)
  2 quokkas (D:2)
  6 bats
  2 frilled lizards (D:1)
  6 kobolds
  8 rats
46 creatures vanquished.

Vanquished Creatures (collateral kills)
  An ogre (D:2)
1 creature vanquished.

Grand Total: 47 creatures vanquished

Notes
Turn   | Place    | Note
-------+----------+-------------------------------------------
     0 | D:1      | Hugehornet the Octopode Transmuter began the quest for the
                  | Orb.
     0 | D:1      | Reached XP level 1. HP: 13/13 MP: 3/3
     7 | D:1      | Noticed a wyvern
     7 | D:1      | Noticed an anaconda
   201 | D:1      | Reached XP level 2. HP: 18/18 MP: 3/5
   453 | D:1      | Reached skill level 3 in Transmutations
   715 | D:1      | Learned a level 2 spell: Sticks to Snakes
   761 | D:1      | Reached XP level 3. HP: 23/23 MP: 4/6
  1012 | D:2      | Found a shimmering blue altar of Sif Muna.
  1074 | D:2      | Found a runed translucent door.
  1075 | D:2      | Noticed Crazy Yiuf
  1106 | D:2      | Reached skill level 4 in Transmutations
  1540 | D:2      | Reached XP level 4. HP: 12/28 MP: 5/7
  1898 | D:1      | Learned a level 3 spell: Spider Form
  1905 | D:2      | Noticed Jessica
  2271 | D:2      | Killed Jessica
  2580 | D:2      | Reached skill level 5 in Transmutations
  2580 | D:2      | Reached XP level 5. HP: 28/33 MP: 6/8
  2700 | D:2      | Noticed an ogre
  2714 | D:2      | Killed an ogre
  2981 | D:2      | Slain by a gnoll

Levels and vault maps discovered:
D:1:      onia_arrival_zoo_common, layout_loops_corners
D:2:      kb_forest_paths, layout_basic, marbit_many_paths,
          lemuel_crystal_altar, first_ration, glass_columns_b, bh_chokoban,
          uniq_jessica, uniq_crazy_yiuf_cottage

Skill      XL: |  1  2  3  4 |
---------------+-------------+-----
Transmutations | 3 4 5 |  5.7
Fighting       | |  1.0
Dodging        | |  2.0
Unarmed Combat | |  3.0
Spellcasting   | |  2.0

Action                   |  1- 3 |  4- 6 || total
-------------------------+-------+-------++-------
Melee: Unarmed           |    65 |    60 ||   125
       Constrict         |    17 |     8 ||    25
       Kick              |    19 |     5 ||    24
       Tentacles         |     5 |     3 ||     8
       Punch             |       |     1 ||     1
 Cast: Beastly Appendage |    26 |     8 ||    34
       Spider Form       |       |     3 ||     3
       Sticks to Snakes  |       |     2 ||     2
  Use: Potion            |       |     4 ||     4
 Stab: Sleeping          |    12 |     4 ||    16
  Eat: Chunk             |     2 |     6 ||     8
       Ration            |       |     1 ||     1
Armor: Skin              |     2 |     9 ||    11
Dodge: Dodged            |    32 |    52 ||    84
